 Dungeon Crawl Stone Soup version 0.30.0-15-g856e2d3f33 (webtiles) character file.

Game seed: 6722402954292580399

354 Strat the Ruffian (level 6, -4/51 HPs)
             Began as a Ghoul Hedge Wizard on May 18, 2023.
             Slain by Duvessa
             ... wielding a +0 rapier
              (14 damage)
             ... on level 4 of the Dungeon.
             The game lasted 00:07:01 (3342 turns).

Strat the Ruffian (Ghoul Hedge Wizard)              Turns: 3342, Time: 00:07:02

Health: -4/51      AC:  6    Str: 13 (16) XL:     6   Next: 62%
Magic:  9/9        EV:  9    Int:  9      God:
Gold:   245        SH:  0    Dex:  8      Spells: 7/10 levels left

rFire   . .          .
                       - Unarmed
rCold   + . .        (no shield)
rNeg    + + +        j - +0 scale mail
rPois   ∞            c - +0 hat
rElec   .            (no cloak)
rCorr   .            (no gloves)
SInv    .            (no boots)
Will    .....        (no amulet) Stlth
                     (no ring)
HPRegen 0.00/turn    (no ring)
MPRegen 0.11/turn

%: no passive effects
@: weak-willed, inhibited regen
A: claws 1, cold resistance 1, negative energy resistance 3, inhibited
regeneration, torment resistance 2, devour on kill
a: no special abilities


You were on level 4 of the Dungeon.
You visited 2 branches of the dungeon, and saw 5 of its levels.

You collected 245 gold pieces.

Inventory:

Hand Weapons
 b - a +0 sling
 s - the +2 quarterstaff "Inat" {heavy, rElec Str+2}
   (You found it on level 4 of the Dungeon)

   Str:       It affects your strength (+2).
   rElec:     It insulates you from electricity.
Missiles
 q - 5 javelins
Armour
 c - a +0 hat (worn)
 j - a +0 scale mail (worn)
 l - a +0 robe
Wands
 m - a wand of roots (5)
Scrolls
 f - a scroll of vulnerability
 h - a scroll of amnesia
 i - 2 scrolls of torment {unknown}
 o - 2 scrolls of noise {unknown}
 r - 2 scrolls of identify {unknown}
 t - a scroll of silence {unknown}
 u - a scroll of teleportation {unknown}
Potions
 a - 2 potions of brilliance
 d - 2 potions of magic
 g - 2 potions of degeneration
 k - 2 potions of curing {unknown}
 n - a potion of flight {unknown}
 p - a potion of berserk rage {unknown}


   Skills:
 + Level 3.2 Fighting
 - Level 1.7 Dodging
 - Level 2.1 Stealth
 + Level 6.1 Unarmed Combat
 - Level 2.6 Spellcasting
 - Level 0.7 Conjurations
 - Level 0.8 Summonings
 - Level 0.8 Translocations


You had 7 spell levels left.
You knew the following spells:

 Your Spells              Type           Power      Damage    Failure   Level
a - Magic Dart            Conj           8%         1d3       75%         1
b - Blink                 Tloc           4%         N/A       86%         2

Your spell library contained the following spells:

 Spells                   Type           Power      Damage    Failure   Level
 Slow                     Hex            4%         N/A       83%         1
 Call Imp                 Summ           4%         N/A       86%         2
 Cigotuvi's Dreadful Rot  Necr/Pois/Air  2%         N/A       93%         2
 Mephitic Cloud           Conj/Pois/Air  1%         N/A       99%         3


Dungeon Overview and Level Annotations

Branches:
Dungeon (4/15)             Temple (1/1) D:4

Altars:
Dithmenos
Gozag
Hepliaklqana
Kikubaaqudgha
Okawaru
Sif Muna
Vehumet
Wu Jian
Xom

Shops:
D:1 =

Annotations:
D:4 Duvessa


Innate Abilities, Weirdness & Mutations

You are immune to poison.
You have sharp fingernails.
Your flesh is cold resistant. (rC+)
You are immune to negative energy. (rN+++)
You do not regenerate when monsters are visible.
You are immune to unholy pain and torment.
You thrive by killing the living.


Message History

You climb downwards.
Level annotation: Duvessa
There is a stone staircase leading up here.
You open the door.
Found an iron altar of Okawaru.
There is an open door here.
You enter the shallow water.
Moving in this stuff is going to be slow.
There is an open door here.
Duvessa is nearby!
Found a stone staircase leading down.
Duvessa shouts!
Duvessa goes berserk!
As you read the scroll labelled MUEDIC WEDOMO, it crumbles to dust.
Magic quickly surges around you.
It was a scroll of vulnerability.
Duvessa rages.
Duvessa hits you with a +0 rapier!
The air fills with toxic fumes!
As you read the scroll labelled DECENK BOSCH, it crumbles to dust.
It was a scroll of poison.
Duvessa hits you with a +0 rapier!
* * * LOW HITPOINT WARNING * * *
Duvessa misses you. Duvessa attacks as you move away!
Duvessa hits you with a +0 rapier!
* * * LOW HITPOINT WARNING * * *
Duvessa is engulfed in poison gas.
Duvessa is poisoned.
Duvessa is engulfed in poison gas.
Duvessa looks even sicker.
Duvessa barely misses you.
Duvessa is engulfed in poison gas.
Duvessa looks even sicker.
As you read the scroll labelled FAUQU DUEHOD, it crumbles to dust.
It is a scroll of amnesia.
Really abort (and waste the scroll)? [Y]es or [N]o only, please.
Really abort (and waste the scroll)?
Okay, then.
Duvessa is engulfed in poison gas.
Duvessa looks as sick as possible!
Duvessa hits you with a +0 rapier!
* * * LOW HITPOINT WARNING * * *
Duvessa is engulfed in poison gas.
Duvessa looks as sick as possible!
Duvessa hits you with a +0 rapier!
You die...

##.# .. #..# .# #..# .#
#..# .# # #..#### .#
#.####### #..##.# .#
#........
#§§##§###§###........
####§§§@e§§.☼§§.........
#...☼§§§§###.###[......#
#.##§§##.# #'# #.#.###.#
#.##..##.# .... #.....#
#.##..##.# ....# #...#..
#.##..##.' ......#e..###
#.##..#### ......#...###
####.##..# .............
#........#########..#.###..


You could see Duvessa (berserk, extremely poisoned, weak-willed).

Vanquished Creatures
  Sigmund (D:4)
  Dowan (D:4)
  A hound (D:4)
  A jelly (D:4)
  An orc wizard (D:3)
  An adder (D:3)
  3 dart slugs
  6 orcs
  2 endoplasms
  2 giant cockroaches
  3 goblins
  4 hobgoblins
  4 jackals (D:2)
  4 quokkas
  4 ball pythons
  3 bats
  4 frilled lizards
  3 kobolds (D:1)
  4 rats
52 creatures vanquished.

Notes
Turn   | Place    | Note
-------+----------+-------------------------------------------
     0 | D:1      | Strat the Ghoul Hedge Wizard began the quest for the Orb.
     0 | D:1      | Reached XP level 1. HP: 14/14 MP: 3/3
   202 | D:1      | Reached skill level 1 in Unarmed Combat
   407 | D:1      | Reached XP level 2. HP: 20/20 MP: 4/4
   410 | D:1      | Learned a level 2 spell: Blink
   457 | D:1      | Found Somaotoh's Jewellery Emporium.
   963 | D:2      | Reached skill level 2 in Unarmed Combat
  1177 | D:2      | Reached XP level 3. HP: 17/26 MP: 6/6
  1251 | D:2      | Reached skill level 3 in Unarmed Combat
  1846 | D:3      | Reached skill level 4 in Unarmed Combat
  1846 | D:3      | Reached XP level 4. HP: 16/33 MP: 7/7
  1938 | D:3      | Found a shimmering altar of Xom.
  2402 | D:4      | Found a radiant altar of Vehumet.
  2408 | D:4      | Upgraded the game from 0.30.0-13-g156ef70053 to
                  | 0.30.0-15-g856e2d3f33
  2464 | D:4      | Identified the +2 quarterstaff "Inat" {heavy, rElec Str+2}
  2654 | D:4      | Noticed Dowan
  2708 | D:4      | Killed Dowan
  2709 | D:4      | Reached skill level 5 in Unarmed Combat
  2709 | D:4      | Reached XP level 5. HP: 21/39 MP: 8/8
  2781 | D:4      | Found a staircase to the Ecumenical Temple.
  2790 | Temple   | Entered the Ecumenical Temple
  2949 | D:4      | Reached skill level 1 in Fighting
  3011 | D:4      | Noticed Sigmund
  3049 | D:4      | Killed Sigmund
  3050 | D:4      | Reached skill level 6 in Unarmed Combat
  3050 | D:4      | Reached XP level 6. HP: 33/51 MP: 9/9
  3213 | D:4      | Noticed Duvessa
  3280 | D:4      | Found an iron altar of Okawaru.
  3342 | D:4      | Slain by Duvessa

Illustrated notes

Levels and vault maps discovered:
D:1:      scummos_arrival_simple_fountains, layout_loops_corners, serial_shops,
          shop, minmay_hedge_maze, chequers_mini_garden
D:2:      wander_river, layout_rooms
D:3:      layout_basic, mainiacjoe_overflow_tiny_flanked
D:4:      layout_basic, fiery_altar_vehumet, kennysheep_little_box, temple_hall,
          nrook_loot_triangle, chequers_serial_rivers_micro_b, uniq_duvessa,
          uniq_sigmund
Temple:   nicolae_temple_godpark

Skill      XL: |  1  2  3  4  5 |
---------------+----------------+-----
Unarmed Combat | 1 2 4 5 6 |  6.1
Fighting       | 3 |  3.2
Dodging        | |  1.7
Stealth        | |  2.1
Spellcasting   | |  2.6
Conjurations   | |  0.7
Summonings     | |  0.8
Translocations | |  0.8

Action                     |  1- 3 |  4- 6 || total
---------------------------+-------+-------++-------
  Melee: Unarmed           |   128 |    67 ||   195
         Dagger            |     4 |       ||     4
         Punch             |     2 |     2 ||     4
   Fire: Sling             |    54 |       ||    54
   Cast: Magic Dart        |     1 |       ||     1
  Evoke: Wand              |       |     2 ||     2
    Use: Potion            |       |     2 ||     2
         Scroll            |       |     3 ||     3
   Stab: Sleeping          |     1 |       ||     1
 Armour: Robe              |     4 |       ||     4
         Scale mail        |    67 |    20 ||    87
  Dodge: Dodged            |    89 |    36 ||   125
